 Dungeon Crawl Stone Soup version 0.29.0-13-gc9e81de378 (webtiles) character file.

Game seed: 3383631486881487257

432 Anothat the Sneak (level 7, -1/37 HPs)
             Began as a Vine Stalker Brigand on Sept 9, 2022.
             Was a Priest of Uskayaw.
             Slain by Pikel
             ... wielding a +1 whip of freezing
              (4 damage)
             ... on level 5 of the Dungeon.
             The game lasted 00:04:00 (3833 turns).

Anothat the Sneak (Vine Stalker Brigand)            Turns: 3833, Time: 00:04:00

Health: -1/37      AC:  6    Str: 13    XL:     7   Next: 0%
Magic:  0/9        EV: 11    Int: 11    God:    Uskayaw [***...]
Gold:   203        SH:  0    Dex: 18    Spells: 6/6 levels left

rFire   . . .      SeeInvis .   a - +3 dagger
rCold   . . .      Faith    .   (no shield)
rNeg    . . .      Spirit   +   m - +0 ring mail
rPois   +          Reflect  .   (no helmet)
rElec   .          Harm     .   c - +0 cloak
rCorr   +          Rampage  .   (no gloves)
Will    .....                   (no boots)
Stlth   ++........              (no amulet)
HPRegen 0.92/turn               i - ring of poison resistance
MPRegen 0.11/turn               t - ring of resist corrosion

@: hasted, very quick
A: fangs 2, regeneration 1, magic shield, antimagic bite, no potion heal 2
a: Renounce Religion, Stomp, Line Pass


You were on level 5 of the Dungeon.
You worshipped Uskayaw.
Uskayaw was noncommittal.
You visited 1 branch of the dungeon, and saw 5 of its levels.

You collected 203 gold pieces.

Inventory:

Hand Weapons
 a - a +3 dagger (weapon)
Missiles
 d - 9 poisoned darts (quivered)
 e - 3 curare-tipped darts
 p - a throwing net
Armour
 b - a +0 robe
 c - a +0 cloak (worn)
 m - a +0 ring mail (worn)
Jewellery
 h - a ring of see invisible
 i - a ring of poison resistance (left hand)
 o - a ring of ice
 t - a ring of resist corrosion (right hand)
Wands
 g - a wand of polymorph (9)
Scrolls
 f - 2 scrolls of identify
 k - a scroll of enchant weapon
 l - 3 scrolls of immolation {unknown}
 w - a scroll of magic mapping {unknown}
Potions
 j - 4 potions of curing
 n - a potion of might
 q - 3 potions of lignification {unknown}
 r - 2 potions of brilliance
 u - 2 potions of resistance {unknown}
 v - a potion of magic {unknown}


   Skills:
 + Level 3.7 Fighting
 + Level 3.6 Short Blades
 - Level 1.7 Throwing
 + Level 3.0 Dodging
 - Level 4.8 Stealth
 + Level 2.5 Invocations


You had 6 spell levels left.
You didn't know any spells.
Your spell library contained the following spells:

 Spells                   Type           Power      Damage    Failure   Level
 Fulminant Prism          Conj/Hex       0%         3d6       100%        4
 Hailstorm                Conj/Ice       0%         3d3       100%        4
 Ice Form                 Ice/Tmut       0%         N/A       100%        4
 Iskenderun's Mystic Bla  Conj/Tloc      0%         2d3       100%        4
 Lee's Rapid Deconstruct  Erth           0%         3d5*      100%        5
 Simulacrum               Ice/Necr       0%         N/A       100%        6


Dungeon Overview and Level Annotations

Branches:
Dungeon (5/15)             Temple (0/1) D:4

Altars:
Uskayaw

Annotations:
D:5 Pikel


Innate Abilities, Weirdness & Mutations

You have extremely sharp teeth.
Your natural rate of healing is unusually fast.
When hurt, damage is shared between your health and your magic reserves.
Your bite disrupts and absorbs the magic of your enemies.
Potions cannot restore your health.


Message History

Pikel freezes you.
* * * LOW HITPOINT WARNING * * *
You closely miss Pikel. You bite Pikel. You drain his power.
You feel invigorated.
Pikel is moderately wounded.
You hit Pikel. You bite Pikel, but do no damage.
Pikel is moderately wounded.
Pikel closely misses you.
You hit Pikel. Your bite misses Pikel.
Pikel is heavily wounded.
Uskayaw will force your foes to helplessly watch your dance.
You hit Pikel but do no damage. You bite Pikel. You drain his power.
You feel invigorated.
Pikel is heavily wounded.
Pikel hits you with a +1 whip of freezing.
* * * LOW HITPOINT WARNING * * *
Pikel freezes you.
You hit Pikel.
Pikel is heavily wounded.
You hit Pikel. Your bite misses Pikel.
Pikel is severely wounded.
Pikel barely misses you.
You hit Pikel but do no damage. Your bite misses Pikel.
Pikel is severely wounded.
Pikel hits you with a +1 whip of freezing!
* * * LOW HITPOINT WARNING * * *
Pikel freezes you.
* * * LOW HITPOINT WARNING * * *
You hit Pikel. Your bite misses Pikel.
Pikel is severely wounded.
You hit Pikel. You bite Pikel, but do no damage.
Pikel is almost dead.
Pikel hits you with a +1 whip of freezing.
* * * LOW HITPOINT WARNING * * *
Pikel freezes you.
* * * LOW HITPOINT WARNING * * *
You hit Pikel but do no damage. You bite Pikel, but do no damage.
Pikel is almost dead.
Pikel hits you with a +1 whip of freezing.
You die...

######.##.##..#
#.........##..#
+.....)...##5.#
###.......K5.5..#####.#
......55######..†.....#
.######5# #...######
... #5# #...#
#..#K######...#
#...@........#
######.###...###
#######..#........
.............#####
########.....#
###...#####
###############........
......................#
########.........>###.#


You could see Pikel and 4 lemures.

Vanquished Creatures
  A water moccasin (D:5)
  A scorpion (D:4)
  An orc priest (D:4)
  2 hounds
  2 orc wizards (D:5)
  4 gnolls (D:4)
  4 adders
  A worm (D:3)
  2 dart slugs
  An orc (D:5)
  5 endoplasms
  3 giant cockroaches (D:1)
  5 goblins
  6 hobgoblins
  7 kobolds
  9 ball pythons
  5 bats
  3 frilled lizards
  5 rats
67 creatures vanquished.

Vanquished Creatures (others)
  3 plants
  3 withered plants (D:1)
6 creatures vanquished.

Grand Total: 73 creatures vanquished

Notes
Turn   | Place    | Note
-------+----------+-------------------------------------------
     0 | D:1      | Anothat the Vine Stalker Brigand began the quest for the
                  | Orb.
     0 | D:1      | Reached XP level 1. HP: 11/11 MP: 2/2
   223 | D:1      | Reached skill level 1 in Dodging
   230 | D:1      | Reached XP level 2. HP: 5/15 MP: 3/3
   694 | D:1      | Found a faded altar of an unknown god.
   748 | D:1      | Prayed at the altar of an unknown god.
   748 | D:1      | Became a worshipper of Uskayaw the Reveller
   748 | D:1      | Reached * piety under Uskayaw
   992 | D:1      | Reached ** piety under Uskayaw
  1403 | D:1      | Reached XP level 3. HP: 18/18 MP: 4/4
  2089 | D:2      | Gained mutation: Your natural rate of healing is unusually
                  | fast. [Vine Stalker growth]
  2089 | D:2      | Reached XP level 4. HP: 23/23 MP: 5/5
  2759 | D:4      | Found a hide-covered altar of Uskayaw.
  2843 | D:4      | Reached *** piety under Uskayaw
  2846 | D:4      | Reached **** piety under Uskayaw
  2851 | D:4      | Reached ***** piety under Uskayaw
  2853 | D:4      | Reached skill level 1 in Invocations
  2853 | D:4      | Reached XP level 5. HP: 14/28 MP: 4/6
  3451 | D:4      | Found a staircase to the Ecumenical Temple.
  3613 | D:4      | Reached XP level 6. HP: 32/32 MP: 8/8
  3710 | D:5      | Entered Level 5 of the Dungeon
  3778 | D:5      | Noticed a water moccasin
  3785 | D:5      | Noticed Pikel
  3792 | D:5      | Killed a water moccasin
  3811 | D:5      | Reached XP level 7. HP: 19/37 MP: 4/9
  3833 | D:5      | Slain by Pikel

Illustrated notes

Levels and vault maps discovered:
D:1:      minmay_arrival_loop, layout_basic,
          shapermc_ecumenical_altar_flowoftime, minivault_5
D:2:      layout_rooms, serial_forest, infiniplex_forest_straight_3,
          infiniplex_forest_clump_curved, infiniplex_forest_lined_3,
          infiniplex_forest_clump_double, infiniplex_forest_zigzag_2,
          infiniplex_forest_fountain
D:3:      layout_rooms, dk_noncrumbling_2
D:4:      layout_basic, mainiacjoe_overflow_alcove_1,
          minmay_temple_entry_proselytizer, chequers_garden
D:5:      lemuel_ratsnest, layout_basic, uniq_prince_ribbit1, uniq_menkaure,
          uniq_pikel

Skill      XL: |  1  2  3  4  5  6 |
---------------+-------------------+-----
Dodging        | 1 2 3 |  3.0
Fighting       | 2 3 |  3.7
Short Blades   | 2 3 |  3.6
Invocations    | 1 2 |  2.5
Throwing       | |  1.7
Stealth        | |  4.8

Action                   |  1- 3 |  4- 6 |  7- 9 || total
-------------------------+-------+-------+-------++-------
Melee: Dagger            |   112 |    88 |    18 ||   218
       Bite              |    29 |    25 |     5 ||    59
       Punch             |       |     2 |       ||     2
  Use: Scroll            |       |    12 |       ||    12
       Potion            |       |     1 |       ||     1
 Stab: Sleeping          |    13 |     6 |       ||    19
       Paralysed         |       |     2 |       ||     2
Armor: Robe              |     9 |       |       ||     9
       Ring mail         |     7 |    19 |       ||    26
Dodge: Dodged            |    45 |    40 |     4 ||    89
